 Dungeon Crawl Stone Soup version 0.28-a0-245-g639a1a48b9 (webtiles) character file.

Game seed: 4855142076837888106

159 AarnesTheHuman the Skirmisher (level 5, 0/43 HPs)
             Began as a Formicid Abyssal Knight on Aug 25, 2021.
             Was a Believer of Lugonu.
             Succumbed to a gnoll's poison
             ... on level 3 of the Dungeon.
             The game lasted 00:10:10 (2870 turns).

AarnesTheHuman the Skirmisher (FoAK)                Turns: 2870, Time: 00:10:10

Health: 0/43       AC: 11    Str: 18    XL:     5   Next: 68%
Magic:  7/7        EV:  7    Int: 11    God:    Lugonu [**....]
Gold:   39         SH:  0    Dex: 10    Spells: 4/4 levels left

rFire   . . .      SeeInvis +   a - +2 whip (elec)
rCold   . . .      Faith    .   (no shield)
rNeg    . . .      Spirit   .   n - +0 chain mail
rPois   .          Reflect  .   (helmet unavailable)
rElec   .          Harm     .   (no cloak)
rCorr   .          Rampage  .   d - +1 pair of gloves
Will    .....                   (no boots)
Stlth   ..........              (no amulet)
HPRegen 0.14/turn               (no ring)
MPRegen 0.10/turn               (no ring)

@: brilliant, lethally poisoned (0 -> -29)
A: permanent stasis, dig shafts and tunnels, antennae 3, four strong arms
a: Dig, Shaft Self, Renounce Religion, Depart the Abyss, Bend Space


You were on level 3 of the Dungeon.
You worshipped Lugonu.
Lugonu was pleased with you.
You visited 1 branch of the dungeon, and saw 3 of its levels.
You visited the Abyss 1 time.

You collected 39 gold pieces.

Inventory:

Hand Weapons
 a - a +2 whip of electrocution (weapon)
 b - a +0 trident
 q - a +0 quarterstaff
 r - a +1 spear
Missiles
 f - 29 poisoned darts (quivered)
Armour
 d - a +1 pair of gloves (worn)
 j - a +0 leather armour
 k - a +0 ring mail
 n - a +0 chain mail (worn)
Scrolls
 e - a scroll of vulnerability {unknown}
 g - a scroll of identify {unknown}
 h - a scroll of teleportation {unknown}
 m - a scroll of enchant armour {unknown}
 o - a scroll of torment {unknown}
 p - a scroll of fog {unknown}
Potions
 c - a potion of lignification {unknown}
 l - a potion of brilliance


   Skills:
 + Level 4.5 Fighting
 + Level 0.2(0.3) Maces & Flails
 - Level 2.5 Polearms
 - Level 0.3(1.6) Staves
 + Level 3.6 Armour
 - Level 0.8 Dodging
 + Level 3.8 Invocations


You had 4 spell levels left.
You didn't know any spells.
Your spell library was empty.

Dungeon Overview and Level Annotations

Branches:
Dungeon (3/15)

Altars:


Innate Abilities, Weirdness & Mutations

You cannot be hasted, slowed, berserked, paralysed or teleported.
You can dig through walls and to a lower floor.
You have a pair of large antennae on your head. (SInv)
Your four strong arms can wield two-handed weapons with a shield.


Message History

An orc comes into view. It is wielding a +0 dagger.
You hear a shout! x5
The gnoll hits you from afar with a +0 spear of venom.
You are poisoned.
You hear a shout!
There is an open door here.
You feel very sick. The orc barely misses you.
You barely miss the gnoll shaman.
You feel sick. The orc barely misses you.
The gnoll hits you from afar with a +0 spear of venom.
You are more poisoned.
You hit the gnoll shaman.
The gnoll shaman is moderately wounded.
You feel very sick.
The gnoll shaman hits you with a +1 whip of freezing.
The gnoll shaman freezes you. The orc completely misses you.
The gnoll barely misses you.
The gnoll shaman calls upon its god to speed up the gnoll.
The gnoll seems to speed up.
You hit the gnoll shaman.
The gnoll shaman is moderately wounded.
You feel very sick. The gnoll hits you but does no damage.
You are lethally poisoned!
The orc hits you but does no damage. The gnoll hits you but does no damage.
You are more poisoned.
The gnoll shaman barely misses you.
It was a potion of cancellation.
You feel magically purged.
* * * LOW HITPOINT WARNING * * *
You feel extremely sick. The orc hits you with a +0 dagger.
* * * LOW HITPOINT WARNING * * *
The gnoll hits you but does no damage.
The gnoll shaman hits you with a +1 whip of freezing.
* * * LOW HITPOINT WARNING * * *
The gnoll shaman freezes you.
* * * LOW HITPOINT WARNING * * *
It was a potion of brilliance.
You feel clever all of a sudden.
You die...

{ { {
#'############
#....go@'....+{
#.....g.#....#
#.......#....#
#########''''####
{
.(...............
≈≈≈≈≈≈≈≈≈....≈≈≈≈
≈≈≈≈≈≈≈≈≈....≈≈≈≈
≈≈≈≈≈≈≈≈≈....≈≈≈≈
.................


You could see a gnoll shaman, a gnoll (fast) and an orc.

Vanquished Creatures
  An orc priest (D:2)
  Jessica (D:2)
  2 adders
  A white imp (D:3)
  A worm (D:3)
  3 dart slugs
  8 orcs
  4 ball pythons
  2 bats (D:1)
  3 endoplasms
  A giant cockroach (D:2)
  12 goblins
  4 hobgoblins (D:1)
  4 jackals (D:3)
  5 kobolds
  A quokka (D:1)
  3 frilled lizards
  3 rats
59 creatures vanquished.

Notes
Turn   | Place    | Note
-------+----------+-------------------------------------------
     0 | Abyss:1  | AarnesTheHuman the Formicid Abyssal Knight began the quest
                  | for the Orb.
     0 | Abyss:1  | Reached XP level 1. HP: 18/18 MP: 2/2
     4 | D:1      | Escaped the Abyss
   120 | D:1      | Reached XP level 2. HP: 18/24 MP: 3/3
   608 | D:1      | Reached XP level 3. HP: 25/29 MP: 5/5
   673 | D:1      | Found a faded altar of an unknown god.
   852 | D:1      | Reached ** piety under Lugonu
  1640 | D:2      | Reached skill level 4 in Fighting
  1640 | D:2      | Reached XP level 4. HP: 34/37 MP: 6/6
  2140 | D:2      | Noticed Jessica
  2145 | D:2      | Killed Jessica
  2146 | D:2      | Reached XP level 5. HP: 42/42 MP: 7/7
  2870 | D:3      | Succumbed to a gnoll's poison

Illustrated notes

Levels and vault maps discovered:
D:1:      evilmike_arrival_hilbert_curve, layout_basic, basic_ecumenical_altar,
          solitary_fountain
D:2:      layout_basic, minivault_4, uniq_jessica
D:3:      lemuel_castle_with_subvaults [lemuel_castle_interior_carwin_3],
          layout_basic

Skill      XL: |  1  2  3 |
---------------+----------+-----
Invocations    | 3 |  3.8
Fighting       | 4 |  4.5
Armour         | 3 |  3.6
Maces & Flails | |  0.2
Polearms       | |  2.5
Staves         | |  0.3
Dodging        | |  0.8

Action                   |  1- 3 |  4- 6 || total
-------------------------+-------+-------++-------
Melee: Spear             |   115 |       ||   115
       Trident           |       |    17 ||    17
       Whip              |       |    59 ||    59
       Quarterstaff      |       |     4 ||     4
Throw: Dart              |     4 |     2 ||     6
  Use: Potion            |       |     2 ||     2
 Stab: Sleeping          |     1 |       ||     1
Armor: Leather armour    |    26 |       ||    26
       Chain mail        |       |    48 ||    48
Dodge: Dodged            |    40 |    36 ||    76

Table legend: (Time is in decaauts)
 A = Elapsed time spent in this place.
 B = Non-inter-level travel time spent in this place.
 C = Inter-level travel time spent in this place.
 D = Time resting spent in this place.
 E = Time spent auto-exploring this place.
 F = Levels seen in this place.
 G = Mean time per level.
                   A        B        C        D        E       F      G
               +--------+--------+--------+--------+--------+-----+--------+
         Total |   2879 |   2740 |    139 |    739 |   1438 |   4 |  719.8 |
       Dungeon |   2875 |   2736 |    139 |    739 |   1438 |   3 |  958.3 |
         Abyss |      4 |      4 |      0 |      0 |      0 |   1 |    4.0 |
               +--------+--------+--------+--------+--------+-----+--------+

Top non-repeatable levels by time:
     D:1: 1582 daAuts
     D:2: 731 daAuts
     D:3: 561 daAuts
 Abyss:1: 4 daAuts
